 Dungeon Crawl Stone Soup version 0.30-a0-1164-ge08a67761e (webtiles) character file.

Game seed: 13215133829597468135

27523 cheesebisquit the Geomancer (level 13, -7/76 HPs)
             Began as a Gargoyle Earth Elementalist on Apr 29, 2023.
             Was an Elder of Vehumet.
             Mangled by a white ugly thing (29 damage)
             ... on level 12 of the Dungeon.
             The game lasted 00:42:21 (13522 turns).

cheesebisquit the Geomancer (GrEE)                 Turns: 13522, Time: 00:42:21

Health: -7/76      AC: 17    Str: 11    XL:     13   Next: 33%
Magic:  14/23      EV: 13    Int: 29    God:    Vehumet [****..]
Gold:   1099       SH: 10    Dex: 16    Spells: 11/25 levels left

rFire   . . .        l - staff of earth
rCold   . . .        P - +0 kite shield of the King of the Hill {Regen+ Int+3}
rNeg    + . .        b - +2 robe {Archmagi}
rPois   ∞            O - +1 helmet
rElec   +            (no cloak)
rCorr   .            j - +0 pair of gloves
SInv    +            M - +0 pair of boots
Will    .....        S - amulet of magic regeneration
Stlth   ++           G - ring "Oses" {Int+4 SInv}
HPRegen 1.12/turn    L - +6 ring of dexterity
MPRegen 0.58/turn

%: archmagi
@: about to teleport
A: sickness immunity, AC +9, negative energy resistance 1, electricity
resistance, torment resistance 1, petrification resistance
a: Renounce Religion


You were on level 12 of the Dungeon.
You worshipped Vehumet.
Vehumet was greatly pleased with you.
You visited 2 branches of the dungeon, and saw 13 of its levels.
You also visited: Ossuary.

You collected 1099 gold pieces.

Inventory:

Hand Weapons
 e - a +1 mace
 J - a +0 antimagic dagger
Missiles
 a - 4 curare-tipped darts
 g - 21 poisoned darts
 B - a throwing net
Armour
 b - a +2 robe of the Archmagi (worn)
 j - a +0 pair of gloves (worn)
 w - the +2 robe "Risch" {Drain Fly rC+ MP+9}
   (You found it on level 4 of the Dungeon)

   rC:        It protects you from cold.
   MP:        It affects your magic capacity (+9).
   Fly:       It grants you flight.
   Drain:     It drains your maximum health when unequipped.
 M - a +0 pair of boots (worn)
 O - a +1 helmet (worn)
 P - the +0 kite shield of the King of the Hill (worn) {Regen+ Int+3}
   (You acquired it on level 8 of the Dungeon)

   Int:       It affects your intelligence (+3).
   Regen:     It increases your rate of health regeneration.
 Z - +0 acid dragon scales
Magical Staves
 l - a staff of earth (weapon)
Jewellery
 d - a ring of wizardry
 f - a ring of flight
 q - an amulet of reflection
 G - the ring "Oses" (left hand) {Int+4 SInv}
   (You acquired it on level 8 of the Dungeon)

   [ring of see invisible]

   Int:       It affects your intelligence (+4).
   SInv:      It lets you see invisible.
 L - a +6 ring of dexterity (right hand)
 S - an amulet of magic regeneration (around neck)
Wands
 t - a wand of iceblast (27)
 C - a wand of acid (2)
 Q - a wand of mindburst (19)
Scrolls
 k - 2 scrolls of fog {unknown}
 m - 2 scrolls of immolation {unknown}
 n - 2 scrolls of summoning
 o - 2 scrolls of enchant weapon
 s - 4 scrolls of identify
 v - 2 scrolls of silence {unknown}
 y - a scroll of teleportation
 A - 4 scrolls of magic mapping {unknown}
 H - 2 scrolls of torment {unknown}
 I - a scroll of poison {unknown}
 N - 6 scrolls of amnesia {unknown}
 T - 2 scrolls of noise {unknown}
 U - 2 scrolls of blinking {unknown}
 W - a scroll of vulnerability {unknown}
 X - 2 scrolls of brand weapon {unknown}
 Y - a scroll of fear
Potions
 c - 7 potions of curing
 h - 4 potions of flight
 i - 3 potions of attraction
 p - a potion of magic
 r - 2 potions of resistance
 u - 4 potions of might
 x - 2 potions of brilliance {unknown}
 z - a potion of berserk rage {unknown}
 D - 5 potions of mutation {unknown}
 E - 3 potions of lignification {unknown}
 F - 4 potions of haste {unknown}
 K - a potion of invisibility {unknown}
 R - 2 potions of ambrosia {unknown}


   Skills:
 + Level 7.5 Fighting
 + Level 9.5 Staves
 + Level 6.0 Dodging
 - Level 2.1 Stealth
 + Level 6.4 Shields
 + Level 6.6 Spellcasting
 - Level 0.7 Transmutations
 * Level 14.7 Earth Magic
 + Level 8.6 Evocations


You had 11 spell levels left.
You knew the following spells:

 Your Spells              Type           Power      Damage    Failure   Level
a - Sandblast             Erth           100%       2d20      1%          1
b - Petrify               Tmut/Erth      89%        N/A       8%          4
c - Passwall              Tmut/Erth      74%        N/A       1%          2
d - Leda's Liquefaction   Hex/Erth       43%        N/A       9%          4
z - Stone Arrow           Conj/Erth      100%       3d13      1%          3

Your spell library contained the following spells:

 Spells                   Type           Power      Damage    Failure   Level
 Mephitic Cloud           Conj/Pois/Air  14%        N/A       14%         3
 Momentum Strike          Conj/Tloc      28%        3d8       7%          2
 Ignite Poison            Fire/Tmut/Pois 16%        N/A       13%         3
 Dazzling Flash           Conj/Hex       28%        N/A       14%         3
 Hailstorm                Conj/Ice       14%        3d5       14%         3
 Slow                     Hex            56%        N/A       19%         1
 Blink                    Tloc           28%        N/A       26%         2
 Lesser Beckoning         Tloc           28%        N/A       26%         2
 Call Canine Familiar     Summ           14%        N/A       47%         3
 Confusing Touch          Hex            14%        N/A       47%         3
 Gell's Gravitas          Tloc           14%        N/A       47%         3
 Portal Projectile        Hex/Tloc       28%        N/A       47%         3
 Teleport Other           Tloc           14%        N/A       47%         3
 Tukima's Dance           Hex            14%        N/A       47%         3
 Vampiric Draining        Necr           14%        2d7       47%         3
 Yara's Violent Unravell  Hex/Tmut       8%         3d5       69%         5
 Freezing Cloud           Conj/Ice/Air   7%         6-21      73%         5
 Ice Form                 Ice/Tmut       17%        N/A       83%         4
 Passage of Golubria      Tloc           14%        N/A       87%         4
 Agony                    Necr           14%        N/A       99%         5
 Silence                  Hex/Air        7%         N/A       99%         5
 Simulacrum               Ice/Necr       7%         N/A       100%        6
 Cigotuvi's Dreadful Rot  Necr/Pois/Air  Unusable   N/A       N/A         2

Dungeon Overview and Level Annotations

Branches:
Dungeon (12/15)            Temple (1/1) D:6            Lair (0/5) D:11
    Orc (0/2) D:10        Ossuary (visited)

Altars:
Ashenzari
Cheibriados
Dithmenos
Elyvilon
Fedhas
Gozag
Hepliaklqana
Kikubaaqudgha
Makhleb
Nemelex Xobeh
Okawaru
Qazlal
Ru
Sif Muna
Trog
Uskayaw
Vehumet
Wu Jian
Xom
Yredelemnul
Zin
The Shining One

Shops:
D:6 *   D:8 (

Annotations:
D:3 2 transporters, NinjaNoafa's ghost, amateur KoBr
D:10 1 runed translucent door, ytrimaz's ghost, journeyman DsGl


Innate Abilities, Weirdness & Mutations

You are immune to sickness and miasma.
Your stone body is resilient. (AC +9)
You are immune to poison.
You resist negative energy. (rN+)
You are resistant to electric shocks. (rElec)
You are resistant to unholy torment.
You are immune to petrification.


Message History

You block the green ugly thing's attack.
You feel a strong surge of power!
The stone arrow hits the green ugly thing!!
The green ugly thing is heavily wounded.
The centaur warrior shoots an arrow.
The arrow barely misses you.
The green ugly thing basks in the mutagenic energy from its kin and changes!
You don't have enough magic to cast this spell.
Magic courses through your body.
The centaur warrior shoots an arrow.
The arrow hits you.
The cyan ugly thing basks in the mutagenic energy from its kin and changes!
The centaur warrior shoots an arrow.
You block the arrow.
You feel a strong surge of power!
The stone arrow hits the cyan ugly thing!!
The cyan ugly thing is almost dead.
The cyan ugly thing closely misses you.
You feel a strong surge of power!
The stone arrow hits the cyan ugly thing!!
You kill the cyan ugly thing!
Vehumet accepts your kill.
The centaur warrior unwields a +0 shortbow.
The centaur warrior wields a +0 dagger.
You block the centaur warrior's attack.
The centaur warrior kicks you but does no damage.
The cyclops hits you!!
The centaur warrior hits you with a +0 dagger!
The centaur warrior barely misses you.
You are too injured to fight recklessly!
As you read the scroll of teleportation, it crumbles to dust.
You feel strangely unstable.
The centaur warrior hits you with a +0 dagger.
You block the centaur warrior's attack.
You block the white ugly thing's attack.
The troll bites you but does no damage.
The troll claws you but does no damage. x2
The centaur warrior hits you but does no damage.
You block the centaur warrior's attack.
The centaur warrior attacks as you move away!
The centaur warrior hits you with a +0 dagger!
The centaur warrior kicks you. The white ugly thing punches you.
* * * LOW HITPOINT WARNING * * *
The white ugly thing freezes you!!
You die...

. .#.... #. .#..... . .# .......
#.# )###.#.#... ...#Y.........
#.##.#†#Y.#..... #
#....uYT........ #.#
###.##.Cuc....... #.. .
....##.##@......# ..## ..
##....##.......#
....#...#..............#
.......................# #
.......(...............# .#
.####....##...#######..####..#
...........).................###
..........).....................
..........................#######


You could see 2 ugly things, a centaur warrior, a cyclops, 3 yaks and a troll.

Vanquished Creatures
  Gastronok (D:12)
  Erolcha (D:10)
  3 two-headed ogres
  A centaur warrior (D:12)
  2 boulder beetles (D:11)
  Sonja (D:12)
  A shadow wraith (D:11)
  A skeletal warrior (D:12)
  A wizard (D:10)
  An orc knight (D:12)
  4 deep elf pyromancers
  10 cyclopes
  3 ugly things
  2 manticores
  4 unseen horrors
  A kobold demonologist (D:12)
  A freezing wraith (D:11)
  An efreet (D:12)
  5 trolls
  A hornet (D:10)
  Prince Ribbit (D:5)
  8 slime creatures
  A shadow (D:11)
  3 wraiths
  8 yaks
  2 vampire mosquitoes (D:12)
  6 wargs
  3 water moccasins
  3 acid dragons
  7 orc warriors
  A sky beast (D:7)
  2 black bears
  4 ice beasts
  An ogre (D:10)
  7 centaurs
  3 kobold brigands
  4 elf zombies (Ossuary)
  A gnoll sergeant (D:11)
  3 bullfrogs
  A scorpion (D:6)
  Blork the orc (D:5)
  7 wights
  5 killer bees
  2 howler monkeys
  A crimson imp (D:10)
  3 hounds
  2 gnoll boudas (D:6)
  3 jellies
  11 orc priests
  5 iguanas
  Ijyb (D:3)
  2 sleepcaps
  8 orc wizards
  2 mummies (Ossuary)
  8 gnolls (D:6)
  2 adders
  A shadow imp (D:8)
  2 ufetubi
  2 worms
  5 dart slugs
  54 orcs
  5 ball pythons
  5 endoplasms
  2 giant cockroaches (D:2)
  8 goblins
  10 hobgoblins
  15 kobolds
  2 quokkas (D:2)
  4 bats
  3 frilled lizards
  2 goblin zombies (Ossuary)
  11 hobgoblin zombies (Ossuary)
  2 jackal zombies (Ossuary)
  9 kobold zombies (Ossuary)
  8 orc zombies (Ossuary)
  6 rats
  A rat zombie (Ossuary)
334 creatures vanquished.

Vanquished Creatures (others)
  6 plants (D:3)
6 creatures vanquished.

Grand Total: 340 creatures vanquished

Notes
Turn   | Place    | Note
-------+----------+-------------------------------------------
     0 | D:1      | cheesebisquit the Gargoyle Earth Elementalist began the
                  | quest for the Orb.
     0 | D:1      | Reached XP level 1. HP: 10/10 MP: 3/3
   166 | D:1      | Reached skill level 4 in Earth Magic
   179 | D:1      | Reached XP level 2. HP: 15/15 MP: 0/5
   761 | D:2      | Reached skill level 5 in Earth Magic
   761 | D:2      | Reached XP level 3. HP: 19/19 MP: 4/6
  1028 | D:2      | Found a hazy altar of Hepliaklqana.
  1465 | D:2      | Reached XP level 4. HP: 24/24 MP: 5/7
  1723 | D:3      | Found a faded altar of an unknown god.
  1846 | D:3      | Identified the +1 leather armour of the Sneaky Xenops
                  | {Dex+3}
  1893 | D:3      | Found a transporter.
  1893 | D:3      | Found a transporter.
  1901 | D:3      | Noticed NinjaNoafa's ghost (amateur KoBr)
  1907 | D:3      | Identified the +11 spear of Dissent {chaos, rPois}
  1931 | D:3      | Reached skill level 1 in Staves
  2000 | D:3      | Found a glowing golden altar of the Shining One.
  2079 | D:3      | Noticed Ijyb
  2137 | D:3      | Killed Ijyb
  2138 | D:3      | Reached skill level 1 in Evocations
  2398 | D:3      | Found a burning altar of Makhleb.
  2503 | D:4      | Reached XP level 5. HP: 28/28 MP: 6/8
  2507 | D:4      | Learned a level 3 spell: Stone Arrow
  2510 | D:4      | Learned a level 2 spell: Passwall
  2637 | D:4      | Noticed an ice beast
  2648 | D:4      | Killed an ice beast
  2649 | D:4      | Reached skill level 6 in Earth Magic
  2649 | D:4      | Reached XP level 6. HP: 20/32 MP: 3/9
  2774 | D:4      | Identified the +2 robe "Risch" {Drain Fly rC+ MP+9}
  3051 | D:4      | Found a sand-covered staircase.
  3060 | Ossuary  | Entered an ossuary
  3443 | Ossuary  | Reached XP level 7. HP: 36/36 MP: 10/10
  3509 | Ossuary  | Reached skill level 7 in Earth Magic
  3845 | D:5      | Entered Level 5 of the Dungeon
  3977 | D:5      | Reached XP level 8. HP: 41/41 MP: 11/11
  4008 | D:5      | Identified the +2 robe "Trusted Companion" {rPois Will-
                  | Int+6 Dex+3}
  4016 | D:5      | Noticed Prince Ribbit
  4021 | D:5      | Killed Prince Ribbit
  4022 | D:5      | Reached skill level 8 in Earth Magic
  4107 | D:5      | Reached skill level 5 in Staves
  4769 | D:5      | Found a hide-covered altar of Uskayaw.
  4945 | D:5      | Noticed Blork the orc
  4949 | D:5      | Killed Blork the orc
  5054 | D:5      | Found a glowing silver altar of Zin.
  5364 | D:6      | Found a staircase to the Ecumenical Temple.
  5373 | Temple   | Entered the Ecumenical Temple
  5445 | Temple   | Became a worshipper of Vehumet
  5468 | D:6      | Reached skill level 5 in Evocations
  5468 | D:6      | Identified the +3 robe "Tyalesur" {Dex+8}
  5657 | D:6      | Found Limn's Overcharged Wands.
  5680 | D:6      | Reached skill level 9 in Earth Magic
  5681 | D:6      | Reached XP level 9. HP: 37/45 MP: 0/12
  6034 | D:6      | Learned a level 4 spell: Petrify
  6173 | D:6      | Reached * piety under Vehumet
  6173 | D:6      | Offered knowledge of Freeze by Vehumet.
  6543 | D:6      | Reached skill level 1 in Fighting
  7140 | D:7      | Reached skill level 10 in Earth Magic
  7494 | D:7      | Found a shadowy altar of Dithmenos.
  7728 | D:7      | Noticed a green ugly thing
  7729 | D:7      | Noticed a cyclops
  7736 | D:7      | Killed a green ugly thing
  7737 | D:7      | Reached XP level 10. HP: 38/55 MP: 8/14
  7947 | D:7      | Killed an unseen horror
  8153 | D:7      | Found a blossoming altar of Fedhas.
  8267 | D:7      | Killed a cyclops
  8447 | D:8      | Found Jeetan's Antique Weapon Shoppe.
  8701 | D:8      | Identified 2 scrolls of acquirement
  8701 | D:8      | Acquired the +0 kite shield of the King of the Hill {Regen+
                  | Int+3}
  8708 | D:8      | Acquired the ring "Oses" {Int+4 SInv}
  8969 | D:8      | Found a snail-covered altar of Cheibriados.
  9076 | D:8      | Reached skill level 11 in Earth Magic
  9494 | D:9      | Found a sacrificial altar of Ru.
  9607 | D:9      | Offered knowledge of Shock by Vehumet.
  9671 | D:9      | Reached ** piety under Vehumet
  9862 | D:9      | You are sucked into a shaft and drop 3 floors!
  9876 | D:11     | Reached skill level 1 in Shields
  9952 | D:11     | Found a staircase to the Lair.
  9952 | D:11     | Noticed a boulder beetle
  9976 | D:11     | Killed a boulder beetle
 10111 | D:10     | Entered Level 10 of the Dungeon
 10121 | D:10     | Found a staircase to the Orcish Mines.
 10127 | D:10     | Reached XP level 11. HP: 58/62 MP: 14/17
 10213 | D:9      | Found an iron altar of Okawaru.
 10316 | D:9      | Noticed a two-headed ogre
 10387 | D:9      | Killed a two-headed ogre
 10388 | D:9      | Reached skill level 12 in Earth Magic
 10523 | D:9      | Reached skill level 5 in Fighting
 11117 | D:10     | Noticed ytrimaz's ghost (journeyman DsGl)
 11119 | D:10     | Found a runed translucent door.
 11155 | D:10     | Offered knowledge of Volatile Blastmotes by Vehumet.
 11266 | D:10     | Reached *** piety under Vehumet
 11453 | D:10     | Found a stormy altar of Qazlal.
 11458 | D:10     | Noticed Erolcha
 11463 | D:10     | Killed Erolcha
 11670 | D:10     | Noticed a wizard
 11676 | D:10     | Killed a wizard
 11721 | D:10     | Learned a level 4 spell: Leda's Liquefaction
 11809 | D:11     | Noticed a cyclops
 11812 | D:11     | Killed a cyclops
 11813 | D:11     | Reached skill level 5 in Spellcasting
 11931 | D:11     | Noticed a manticore
 11963 | D:11     | Noticed a cyclops
 11964 | D:11     | Noticed a deep elf pyromancer
 11970 | D:11     | Killed a cyclops
 11979 | D:11     | Killed a deep elf pyromancer
 12160 | D:11     | Killed a manticore
 12363 | D:12     | Noticed a cyclops
 12387 | D:11     | Reached skill level 13 in Earth Magic
 12414 | D:12     | Noticed a shadow wraith
 12421 | D:11     | Killed a cyclops
 12421 | D:11     | Offered knowledge of Fulminant Prism by Vehumet.
 12422 | D:11     | Reached XP level 12. HP: 54/69 MP: 8/19
 12458 | D:12     | Noticed a boulder beetle
 12481 | D:11     | Killed a boulder beetle
 12505 | D:12     | Noticed a two-headed ogre
 12511 | D:12     | Killed a two-headed ogre
 12512 | D:12     | Reached skill level 5 in Dodging
 12579 | D:11     | Reached skill level 5 in Shields
 12695 | D:11     | Reached **** piety under Vehumet
 12750 | D:12     | Noticed Gastronok
 12757 | D:12     | Killed Gastronok
 12954 | D:12     | Reached skill level 14 in Earth Magic
 12967 | D:12     | Offered knowledge of Mephitic Cloud by Vehumet.
 12998 | D:12     | Noticed a two-headed ogre
 13003 | D:12     | Killed a two-headed ogre
 13146 | D:12     | Reached XP level 13. HP: 68/76 MP: 2/22
 13148 | D:12     | Noticed Sonja
 13151 | D:12     | Killed Sonja
 13503 | D:12     | Identified the +1 steam dragon scales of Vefiesas {+Inv
                  | rCorr}
 13522 | D:12     | Mangled by a white ugly thing

Illustrated notes

Levels and vault maps discovered:
D:1:      ncdulo_halloftheorcs, layout_loops_ring,
          corexii_item_surrounded_by_moat
D:2:      minmay_diamond_boxcup, layout_basic, basic_altar,
          kennysheep_generic_room_11
D:3:      layout_loops_ring, lightli_temple_of_fire,
          mainiacjoe_overflow_boulevard, gammafunk_ghost_gnarly_gnolls,
          ebering_ecumenical_altar_mist, grunt_ministairs_9, uniq_ijyb
D:4:      layout_rooms, nicolae_ossuary_entry_ruins
D:5:      layout_basic, eat_drink_and_be_merry_uskayaw, marbit_many_paths,
          uniq_blork_the_orc, uniq_prince_ribbit1
D:6:      layout_loops_ring, temple_statues, serial_rivers,
          chequers_serial_rivers_small_a, chequers_serial_rivers_micro_b,
          chequers_serial_rivers_large_b, chequers_serial_rivers_micro_a,
          fountainhead, nicolae_shop_overcharged_wands
D:7:      minmay_blocky_corners, layout_rooms,
          mainiacjoe_overflow_six_doors_small, grunt_dithmenos_smoke_and_mirrors
D:8:      layout_cave_pods, cheibrodos_worm_habitat, serial_shops,
          nicolae_shop_tiny_statue_garden, kennysheep_generic_room_14
D:9:      layout_irregular_city, lemuel_doored_altar, nicolae_ru_awakened_eye
D:10:     layout_roguey [special_room_orc], lemuel_tele_altar,
          minmay_orc_entry_guard_dogs, hellmonk_ghost_happy_afterlife,
          grunt_ministairs_12, lightli_wizard_tower, uniq_erolcha
D:11:     layout_rooms, erik_lair_orcish_takeover, minmay_liquid_box
D:12:     minmay_the_grid_square_5x5_5x5_mashed
          [minmay_the_grid_square_5x5_empty,
          minmay_the_grid_square_5x5_moneybag, minmay_the_grid_square_5x5_mess,
          minmay_the_grid_square_5x5_fancy_junction,
          minmay_the_grid_square_5x5_doubleslash,
          minmay_the_grid_square_5x5_intrusive_squares,
          minmay_the_grid_square_5x5_prize_snowflake,
          minmay_the_grid_square_5x5_dogpile,
          minmay_the_grid_square_5x5_prize_pseudospiral,
          minmay_the_grid_square_5x5_minimal,
          minmay_the_grid_square_5x5_bracketed,
          minmay_the_grid_square_5x5_checkered,
          minmay_the_grid_square_5x5_prize_open,
          minmay_the_grid_square_5x5_hourglass, minmay_the_grid_square_5x5_meh,
          minmay_the_grid_square_5x5_forky,
          minmay_the_grid_square_5x5_prize_deathbox,
          minmay_the_grid_square_5x5_inner_v,
          minmay_the_grid_square_5x5_prize_monsterx,
          minmay_the_grid_square_5x5_lines,
          minmay_the_grid_square_5x5_tetrominoes,
          minmay_the_grid_square_5x5_slash,
          minmay_the_grid_square_5x5_sharp_hourglass,
          minmay_the_grid_square_5x5_misaligned,
          minmay_the_grid_square_5x5_shuriken], layout_small_grid,
          minmay_misc_feat_rugged, uniq_gastronok, uniq_sonja, uniq_nergalle
Temple:   nicolae_temple_hex_pool

Skill      XL: |  1  2  3  4  5  6  7  8  9 10 11 12 13 |
---------------+----------------------------------------+-----
Earth Magic    | 4 5 6 7 9 10 11 13 14 | 14.7
Staves         | 1 2 3 4 5 6 7 8 9 |  9.5
Evocations     | 1 2 3 4 5 6 7 8 |  8.6
Fighting       | 2 4 5 7 |  7.5
Dodging        | 2 3 4 5 6 |  6.0
Spellcasting   | 3 4 5 6 |  6.6
Shields        | 2 4 5 6 |  6.4
Stealth        | |  2.1
Transmutations | |  0.7

Action                     |  1- 3 |  4- 6 |  7- 9 | 10-12 | 13-15 || total
---------------------------+-------+-------+-------+-------+-------++-------
  Melee: Unarmed           |     6 |       |       |       |       ||     6
         Staff             |       |     2 |    26 |    19 |     8 ||    55
         Punch             |       |       |     1 |       |       ||     1
         Whip              |       |       |       |    16 |       ||    16
   Cast: Sandblast         |    46 |    98 |    29 |       |       ||   173
         Stone Arrow       |       |       |    99 |   330 |    60 ||   489
         Petrify           |       |       |       |     3 |       ||     3
         Leda's Liquefacti |       |       |       |     6 |       ||     6
    Use: Scroll            |       |     2 |     5 |     8 |     4 ||    19
         Potion            |       |       |       |     6 |     3 ||     9
 Armour: Robe              |     7 |    11 |    16 |    54 |    26 ||   114
  Dodge: Dodged            |     3 |    24 |    27 |    93 |    23 ||   170
  Block: Kite shield       |       |       |       |   103 |    27 ||   130

Table legend: (Time is in decaauts)
 A = Elapsed time spent in this place.
 B = Non-inter-level travel time spent in this place.
 C = Inter-level travel time spent in this place.
 D = Time resting spent in this place.
 E = Time spent auto-exploring this place.
 F = Levels seen in this place.
 G = Mean time per level.
                   A        B        C        D        E       F      G
               +--------+--------+--------+--------+--------+-----+--------+
         Total |  13647 |  12920 |    727 |    741 |   9910 |  14 |  974.8 |
       Dungeon |  12917 |  12215 |    702 |    736 |   9447 |  12 | 1076.4 |
        Temple |     89 |     64 |     25 |      0 |     52 |   1 |   89.0 |
       Ossuary |    640 |    640 |      0 |      5 |    411 |   1 |  640.0 |
               +--------+--------+--------+--------+--------+-----+--------+

Top non-repeatable levels by time:
     D:6: 1562 daAuts
     D:5: 1467 daAuts
     D:7: 1435 daAuts
    D:11: 1328 daAuts
    D:10: 1046 daAuts
     D:8: 1027 daAuts
     D:9: 1025 daAuts
     D:2: 1016 daAuts
     D:4: 778 daAuts
     D:1: 777 daAuts
     D:3: 773 daAuts
    D:12: 678 daAuts
 Ossuary: 640 daAuts
  Temple: 89 daAuts
